 Dungeon Crawl Stone Soup version 0.19.1 (webtiles) character file.

3684 Peloso the Carver (level 10, -2/84 HPs)
             Began as a Ghoul Fighter on Nov 30, 2016.
             Slain by a meliai (3 damage)
             ... on level 8 of the Dungeon.
             The game lasted 00:27:00 (9217 turns).

Peloso the Carver (Ghoul Fighter)                   Turns: 9217, Time: 00:27:00

Health: -2/84      AC: 17    Str: 21    XL:     10   Next: 13%
Magic:  0/9        EV:  7    Int:  3    God:
Gold:   568        SH: 10    Dex: 11    Spells: 0 memorised, 9 levels left

rFire  . . .     SeeInvis .     a - +1 long sword
rCold  + . .     Gourm    .     v - +0 chain mail
rNeg   + + +     Faith    .     c - +0 shield
rPois  ∞         Spirit   +     g - +0 helmet
rElec  .         Reflect  .     s - +1 cloak {MR+}
rCorr  .         Harm     .     u - +2 pair of gloves
MR     +....                    (no boots)
Stlth  ..........               d - amulet of guardian spirit
                                (no ring)
                                x - ring of wizardry

@: rotting
A: rotting body, claws 1, carnivore 3, cold resistance 1, negative energy
resistance 3, slow regeneration 1, torment resistance, unbreathing
a: no special abilities


You were on level 8 of the Dungeon.
You were not hungry.

You visited 2 branches of the dungeon, and saw 9 of its levels.
You also visited: Ossuary.

You collected 568 gold pieces.

Inventory:

Hand Weapons
 a - a +1 long sword (weapon)
 w - a cursed -2 dagger
Armour
 c - a +0 shield (worn)
 g - a +0 helmet (worn)
 s - a +1 cloak of magic resistance (worn)
 u - a +2 pair of gloves (worn)
 v - a +0 chain mail (worn)
Jewellery
 d - an amulet of guardian spirit (around neck)
 x - a ring of wizardry (left hand)
 y - a cursed ring of loudness {unknown}
Wands
 e - a wand of polymorph (7/24)
 F - a wand of paralysis (11/24)
Scrolls
 l - a scroll of enchant weapon
 n - a scroll of fog {unknown}
 o - 5 scrolls of remove curse {unknown}
 q - 3 scrolls of teleportation {unknown}
 r - 3 scrolls of magic mapping {unknown}
 t - 3 scrolls of random uselessness {unknown}
 z - a scroll of identify
 C - a scroll of enchant armour {unknown}
 D - a scroll of recharging {unknown}
Potions
 h - a potion of haste
 i - a potion of flight
 j - a potion of brilliance
 p - 2 potions of mutation
 A - a potion of magic
Books
 b - a book of Cantrips

   Spells                             Type                      Level
   a - Confusing Touch                Hexes                        1
   b - Animate Skeleton               Necromancy                   1
   c - Summon Small Mammal            Summoning                    1
   d - Apportation                    Translocation                1
Comestibles
 f - 6 meat rations
 k - 2 slices of pizza
 m - 2 beef jerkies


   Skills:
 + Level 6.5 Fighting
 + Level 8.5 Long Blades
 + Level 6.4 Armour
 + Level 2.6 Dodging
 + Level 0.8 Stealth
 + Level 6.5 Shields


You had 9 spell levels left.
You didn't know any spells.

Dungeon Overview and Level Annotations

Branches:
Dungeon (8/15)             Temple (1/1) D:6
   Lair: D:8-11

Altars:
Ashenzari
Cheibriados
Dithmenos
Elyvilon
Fedhas
Hepliaklqana
Kikubaaqudgha
Nemelex Xobeh
Qazlal
Ru
Sif Muna
Trog
Uskayaw
Vehumet
Xom
Yredelemnul
Zin
The Shining One

Shops:
D:7 *


Innate Abilities, Weirdness & Mutations

Your body is rotting away.
You thrive on raw meat.
You are immune to poison.
You have sharp fingernails.
You are carnivorous and can eat meat at any time.
Your flesh is cold resistant. (rC+)
You are immune to negative energy. (rN+++)
You regenerate slowly when monsters are visible.
You are immune to unholy pain and torment.
You can survive without breathing.


Message History

The meliai hits you but does no damage.
The meliai stings you but does no damage.
You slash the meliai!
The meliai is heavily wounded.
You block the meliai's attack. The meliai stings you!
* * * LOW HITPOINT WARNING * * *
You block the meliai's attack.
The meliai stings you but does no damage.
The meliai hits you but does no damage.
The meliai stings you but does no damage.
Okay, then.
You block the meliai's attack.
The meliai stings you but does no damage.
You block the meliai's attack.
The meliai stings you but does no damage.
The meliai hits you.
* * * LOW HITPOINT WARNING * * *
The meliai stings you but does no damage.
The meliai hits you.
You die...

#.#..# ###.#.!# ###
###...#..# ..
###...###... #>#
####..........(. #..
###.....####...###
###.##......## .#.#
###......#..### # #
# ####. #..y@.## #
#....####.o#### #
#..(...#
#.###.########
...###.###†........
..!.......?.........
#######.####......##
# #.# .....#..# #
#.# ..%..# .# #


You could see a meliai and an orc.

Vanquished Creatures
  Prince Ribbit (D:6)
  Sigmund (D:3)
  Menkaure (D:6)
  A black bear (D:7)
  2 ice beasts
  4 ogres
  6 centaurs
  A big kobold (D:7)
  5 bullfrogs
  A wyvern zombie (D:8)
  A wyvern skeleton (D:6)
  4 killer bees (D:7)
  4 scorpions
  3 howler monkeys
  2 crimson imps (D:7)
  3 bullfrog zombies
  A jelly (D:5)
  A centaur zombie (Ossuary)
  Crazy Yiuf (D:5)
  5 orc priests
  2 bullfrog skeletons
  A centaur skeleton (D:7)
  2 hounds
  5 orc wizards
  An iguana (D:6)
  3 worker ants
  2 big kobold zombies (Ossuary)
  2 mummies (Ossuary)
  3 worker ant zombies
  Robin (D:2)
  8 adders
  A shadow imp (D:7)
  2 adder skeletons
  A worm (D:2)
  4 dart slugs
  36 orcs
  11 giant cockroaches
  18 goblins
  13 hobgoblins
  3 jackals (D:5)
  5 quokkas
  A ball python (D:2)
  6 bats
  6 frilled lizards
  2 gnoll zombies (Ossuary)
  3 goblin zombies
  4 hobgoblin zombies (Ossuary)
  A jackal skeleton (D:5)
  15 kobolds
  A leopard gecko zombie (D:5)
  4 orc zombies (Ossuary)
  A quokka zombie (D:6)
  8 rats
  A toadstool (D:1)
225 creatures vanquished.

Vanquished Creatures (others)
  6 toadstools (D:1)
6 creatures vanquished.

Grand Total: 231 creatures vanquished

Notes
Turn   | Place    | Note
-------+----------+-------------------------------------------
     0 | D:1      | Peloso the Ghoul Fighter began the quest for the Orb.
     0 | D:1      | Reached XP level 1. HP: 19/19 MP: 0/0
   363 | D:1      | Reached XP level 2. HP: 23/25 MP: 1/1
   632 | D:1      | Reached skill level 2 in Long Blades
   706 | D:1      | Reached XP level 3. HP: 18/29 MP: 2/2
  1207 | D:2      | Reached XP level 4. HP: 30/38 MP: 3/3
  1366 | D:2      | Noticed Robin
  1376 | D:2      | Killed Robin
  2091 | D:3      | Reached XP level 5. HP: 45/46 MP: 4/4
  2413 | D:3      | Noticed Sigmund
  2425 | D:3      | Killed Sigmund
  2425 | D:3      | Reached skill level 3 in Long Blades
  2425 | D:3      | Reached skill level 1 in Dodging
  2425 | D:3      | Reached XP level 6. HP: 52/52 MP: 5/5
  3015 | D:4      | Found an ancient bone altar of Kikubaaqudgha.
  3093 | D:4      | Found a shimmering altar of Xom.
  3093 | D:4      | Found a radiant altar of Vehumet.
  3096 | D:4      | Found a sacrificial altar of Ru.
  3129 | D:4      | Reached skill level 4 in Long Blades
  3418 | D:4      | Reached XP level 7. HP: 53/59 MP: 6/6
  4018 | D:5      | Entered Level 5 of the Dungeon
  4093 | D:5      | Found a sand-covered staircase.
  4130 | Ossuary  | Entered an ossuary
  4629 | D:5      | Reached XP level 8. HP: 63/67 MP: 5/7
  4666 | D:5      | Reached skill level 5 in Long Blades
  4811 | D:5      | Found a runed door.
  4870 | D:5      | Reached skill level 5 in Fighting
  4950 | D:5      | Found a bloodstained altar of Trog.
  5239 | D:5      | Noticed Crazy Yiuf
  5249 | D:5      | Killed Crazy Yiuf
  5346 | D:5      | Reached skill level 5 in Armour
  5871 | D:6      | Reached skill level 6 in Long Blades
  5871 | D:6      | Reached skill level 5 in Shields
  5983 | D:6      | Found a glowing golden altar of the Shining One.
  6051 | D:6      | Noticed Prince Ribbit
  6104 | D:6      | Killed Prince Ribbit
  6104 | D:6      | Reached XP level 9. HP: 27/75 MP: 8/8
  6468 | D:6      | Found a staircase to the Ecumenical Temple.
  6501 | Temple   | Entered the Ecumenical Temple
  6695 | D:6      | Found a deep blue altar of Sif Muna.
  6726 | D:6      | Reached skill level 7 in Long Blades
  6763 | D:6      | Noticed Menkaure
  6776 | D:6      | Killed Menkaure
  6858 | D:6      | Found a faded altar of an unknown god.
  6858 | D:6      | Found a faded altar of an unknown god.
  6865 | D:6      | Found a faded altar of an unknown god.
  6867 | D:6      | Found a sparkling altar of Nemelex Xobeh.
  6868 | D:6      | Found a faded altar of an unknown god.
  6912 | D:7      | Found Zin's Purification Station.
  6914 | D:7      | Found a glowing silver altar of Zin.
  8369 | D:7      | Reached skill level 8 in Long Blades
  8681 | D:7      | Reached XP level 10. HP: 78/83 MP: 9/9
  9195 | D:8      | HP: 3/84 [something (4)]
  9213 | D:8      | HP: 1/84 [meliai (6)]
  9217 | D:8      | Slain by a meliai

Skill      XL: |  1  2  3  4  5  6  7  8  9 |
---------------+----------------------------+-----
Armour         | 3 4 5 6 |  6.4
Long Blades    | 2 3 4 6 8 |  8.5
Shields        | 3 4 5 6 |  6.5
Dodging        | 1 2 |  2.6
Fighting       | 4 5 6 |  6.5
Stealth        | |  0.8

Action                   |  1- 3 |  4- 6 |  7- 9 | 10-12 || total
-------------------------+-------+-------+-------+-------++-------
Melee: Long sword        |   138 |   227 |   770 |   105 ||  1240
Evoke: Wand              |       |       |       |     1 ||     1
  Use: Potion            |       |     1 |     3 |     3 ||     7
       Scroll            |       |       |     7 |     1 ||     8
  Eat: Chunk             |     3 |     7 |    19 |     5 ||    34
Armor: Scale mail        |   109 |   112 |     6 |       ||   227
       Chain mail        |       |       |   391 |   114 ||   505
Dodge: Dodged            |    68 |    62 |   185 |    22 ||   337
Block: Shield            |    98 |   114 |   418 |    67 ||   697
       Rpst.: Long sword |    15 |    23 |    55 |     6 ||    99
